Map: Abyssal Reef LE

Players

Jfthegreat

  • Race: Protoss Protoss
  • League: Gold
  • Spawn Location: 11:00

Juxtapose - Winner!

  • Race: Protoss Protoss
  • League: Gold
  • Spawn Location: 5:00

VOD

https://youtu.be/ZZNQCXkKBcQ

Description

Once again I end up in the Protoss mirror match, and I skip my standard Oracle harass again, focus on expanding and building that economy, and going with more traditional Stalker and Immortal play.

Time

  • Played on: Nov. 3, 2017, 8:37 p.m.
  • Length: 9:58
Show
View Real Time Build Order
Export as new Build Order

Jfthegreat Protoss 

Build Orders:  

Get SALT Encoding   

  12  0:01  Probe (Chrono Boost)  
  13  0:12  Probe (Chrono Boost)  
  14  0:19  Pylon  
  14  0:24  Probe (Chrono Boost)  
  15  0:37  Probe (Chrono Boost)  
  15  0:42  Gateway  
  16  0:56  Probe (Chrono Boost)  
  17  1:01  Assimilator  
  17  1:07  Probe (Chrono Boost)  
  19  1:18  Probe (Chrono Boost)  
  19  1:29  Probe (Chrono Boost)  
  20  1:33  Cybernetics Core  
  20  1:39  Probe (Chrono Boost), Pylon  
  21  1:50  Assimilator, Probe (Chrono Boost)  
  22  2:10  Nexus  
  22  2:12  Mothership Core (Chrono Boost)  
  24  2:23  Pylon  
  24  2:29  Pylon  
  24  2:30  Probe (Chrono Boost)  
  25  2:37  Stalker  
  25  2:40  Probe (Chrono Boost)  
  28  2:51  Gateway  
  28  2:56  Forge  
  28  3:06  Warp Gate (Chrono Boost)  
  28  3:07  Stalker (Chrono Boost)  
  30  3:17  Pylon  
  30  3:26  Probe  
  31  3:34  Photon Cannon  
  31  3:36  Probe  
  31  3:39  Photon Cannon  
  32  3:47  Probe  
  32  3:48  Probe  
  34  4:00  Probe  
  37  4:04  Probe  
  37  4:05  Stalker (Chrono Boost)  
  38  4:12  Probe  
  38  4:15  Probe  
  38  4:16  Stargate  
  40  4:23  Stalker (Chrono Boost)  
  42  4:26  Probe  
  43  4:32  Assimilator, Stalker  
  43  4:37  Probe  
  46  4:40  Pylon  
  46  4:41  Probe  
  47  4:47  Probe  
  48  4:58  Probe  
  48  4:59  Photon Cannon  
  49  5:01  Oracle (Chrono Boost)  
  52  5:08  Probe  
  52  5:11  Photon Cannon  
  53  5:19  Probe  
  54  5:24  Stalker x2  
  58  5:29  Probe  
  58  5:35  Void Ray (Chrono Boost)  
  63  5:38  Robotics Facility  
  63  5:42  Pylon  
  63  5:45  Pylon  
  63  5:51  Probe  
  64  5:58  Assimilator, Protoss Ground Weapons Level 1  
  64  6:01  Probe  
  65  6:12  Probe  
  66  6:22  Probe  
  67  6:26  Stalker x2  
  71  6:33  Probe  
  71  6:34  Gateway, Immortal  
  71  6:35  Gateway  
  71  6:36  Void Ray (Chrono Boost)  
  80  7:21  Void Ray (Chrono Boost)  
  84  7:23  Protoss Air Weapons Level 1  
  84  7:31  Twilight Council  
  84  7:51  Nexus  
  84  7:54  Pylon  
  84  8:12  Pylon, Immortal, Oracle (Chrono Boost)  
  91  8:15  Pylon x2  
  91  8:17  Pylon  
  91  8:18  Pylon  
  91  8:23  Pylon  
  91  8:24  Probe  
  92  8:35  Probe  
  93  8:43  Oracle (Chrono Boost)  
  78  8:51  Immortal (Chrono Boost)  
  64  8:56  Stalker  
  64  8:57  Stalker x3  
  53  9:17  Stalker x2  
  53  9:18  Stalker  
  53  9:24  Mothership Core  
Show
View Real Time Build Order
Export as new Build Order

Juxtapose Protoss - Winner!

Build Orders:  

Get SALT Encoding   

  12  0:02  Probe (Chrono Boost)  
  13  0:12  Probe (Chrono Boost)  
  14  0:21  Pylon  
  14  0:23  Probe (Chrono Boost)  
  15  0:39  Probe (Chrono Boost)  
  15  0:42  Gateway  
  16  0:49  Probe (Chrono Boost)  
  17  0:50  Assimilator  
  17  1:00  Probe (Chrono Boost)  
  18  1:10  Assimilator  
  18  1:11  Probe (Chrono Boost)  
  19  1:21  Probe (Chrono Boost)  
  20  1:30  Pylon  
  20  1:32  Probe (Chrono Boost)  
  21  1:41  Cybernetics Core  
  21  1:42  Probe (Chrono Boost)  
  22  1:48  Pylon  
  22  1:53  Probe (Chrono Boost), Zealot  
  25  2:03  Probe (Chrono Boost)  
  26  2:14  Probe (Chrono Boost)  
  27  2:23  Warp Gate  
  27  2:26  Forge  
  28  2:32  Mothership Core (Chrono Boost)  
  29  2:46  Stalker  
  31  3:01  Probe (Chrono Boost)  
  31  3:05  Photon Cannon  
  32  3:16  Nexus  
  32  3:32  Pylon  
  32  3:46  Pylon  
  32  3:48  Pylon  
  32  3:52  Pylon  
  32  3:59  Protoss Ground Weapons Level 1  
  32  4:02  Stalker  
  34  4:10  Robotics Facility  
  34  4:20  Photon Cannon  
  34  4:29  Probe x2 (Chrono Boost)  
  36  4:39  Probe (Chrono Boost)  
  37  4:46  Pylon  
  37  4:53  Probe x2 (Chrono Boost)  
  39  5:02  Observer (Chrono Boost)  
  39  5:04  Probe x2 (Chrono Boost)  
  42  5:14  Probe x2 (Chrono Boost)  
  44  5:22  Twilight Council  
  44  5:26  Immortal (Chrono Boost)  
  48  5:34  Probe x2  
  50  5:40  Gateway  
  50  5:42  Gateway  
  50  5:43  Gateway  
  50  5:46  Probe  
  50  5:47  Probe  
  52  5:54  Assimilator  
  52  5:55  Protoss Ground Armor Level 1  
  52  5:57  Assimilator  
  52  5:59  Probe x2  
  54  6:05  Immortal (Chrono Boost)  
  59  6:11  Probe (Chrono Boost), Stalker  
  60  6:23  Mothership Core (Chrono Boost)  
  60  6:25  Probe (Chrono Boost)  
  62  6:29  Photon Cannon  
  62  6:36  Stalker  
  62  6:37  Immortal  
  68  6:55  Stalker x2  
  68  6:56  Stalker  
  68  6:59  Stalker  
  74  7:10  Probe (Chrono Boost)  
  74  7:22  Probe (Chrono Boost), Photon Cannon  
  75  7:26  Immortal  
  75  7:27  Stalker x2  
  75  7:28  Stalker x2  
  83  7:36  Blink (Chrono Boost)  
  87  7:59  Nexus  
  87  8:00  Pylon, Immortal  
  87  8:03  Pylon  
  91  8:07  Pylon  
  91  8:34  Warp Prism  
  87  8:53  Stalker x4  
  89  9:05  Warp Prism  
  88  9:17  Stalker  
  88  9:18  Stalker x3  
  88  9:20  Probe  
  97  9:31  Probe  
Tags
 
League
GoldGold
Matchup
PvP
Spawn Locations
Cross Positions
Add a new tag
Caveats
  • Supply blocks, unpowered buildings, or Contaminate may cause inaccurate times.
  • Supply counts are checked every 10 seconds.